[Event "Titled Tuesday Blitz May 4 2021"]
[White "Bartel, Michal"]
[Black "Senthil Maran K"]
[WhiteFideId "1119257"]
[BlackFideId "25035681"]
[WhiteElo "2271"]
[BlackElo "2194"]
[Result "1-0"]
[Round "08"]
[TimeControl "180+1"]
[Date "2021.05.04"]
[WhiteClock "0:00:41"]
[BlackClock "0:00:02"]

1. e4 c6 2. d4 d5 3. e5 Bf5 4. Nd2 e6 5. Nb3 Nd7 6. Be3 f6 7. f4 Nh6 8. Be2 Be4 9. Nf3 Nf5 10. Bf2 fxe5 11. fxe5 Be7 12. O-O O-O 13. Nfd2 Bg5 14. Bg4 Qe7 15. Re1 Qf7 16. Nxe4 dxe4 17. Rxe4 Ne3 18. Bxe3 Bxe3+ 19. Rxe3 Qf2+ 20. Kh1 Qxe3 21. Bxe6+ Kh8 22. Bxd7 Rf2 23. Qd3 Qf4 24. Rg1 Rf8 25. h3 Qh4 26. Bg4 R8f4 27. Bd1 Rf8 28. Nc5 Qe7 29. Ne4 R2f4 30. c3 b6 31. Bc2 g6 32. Nf6 Kg7 33. Qg3 R8xf6 34. exf6+ Qxf6 35. Bd3 c5 36. dxc5 bxc5 37. Qe3 g5 38. Re1 Qh6 39. Qe7+ Rf7 40. Qxc5 g4 41. Qe5+ Rf6 42. Qg3 1-0


[Site "https://www.chess.com"]

[Event "Titled Tuesday Blitz May 4 2021"]
[White "Batchimeg, Tuvshintugs"]
[Black "Kanyamarala, Trisha"]
[WhiteFideId "4900839"]
[BlackFideId "45004722"]
[WhiteElo "2295"]
[BlackElo "2074"]
[Result "0-1"]
[Round "08"]
[TimeControl "180+1"]
[Date "2021.05.04"]
[WhiteClock "0:00:01"]
[BlackClock "0:00:05"]

1. e4 c5 2. Nf3 d6 3. d4 cxd4 4. Nxd4 Nf6 5. Nc3 Nc6 6. Be2 e5 7. Nb3 h6 8. O-O Be7 9. Be3 O-O 10. Qd2 Ng4 11. Bxg4 Bxg4 12. Nd5 Re8 13. h3 Be6 14. Rad1 Bf8 15. c3 Ne7 16. c4 Nxd5 17. cxd5 Bd7 18. Rc1 f5 19. f3 Be7 20. Rc2 Rf8 21. Rfc1 fxe4 22. fxe4 Qe8 23. Rc7 b6 24. Qe2 Bd8 25. R7c3 Qg6 26. Bf2 Bg5 27. Rf1 Bf4 28. Nc1 Rab8 29. Rf3 Rbc8 30. Nd3 Bb5 31. Nxf4 Rxf4 32. Qxb5 Rxf3 33. Qd7 Rcf8 34. Qe6+ Qxe6 35. dxe6 R3f6 36. e7 Re8 37. Rc1 Rxe7 38. Bh4 g5 39. Bf2 Rf8 40. Rc6 Rd7 41. Be3 Kf7 42. Kf2 Ke6+ 43. Ke2 Rfd8 44. Bd2 Ke7 45. Bb4 Rb7 46. a4 Rdd7 47. Rc3 Rbc7 48. Rd3 Rc4 49. Bc3 Rxe4+ 50. Kf3 Rc4 51. Rd5 Ke6 52. Rd2 Rxa4 53. g4 Rf4+ 54. Ke3 d5 55. Ke2 d4 0-1


[Site "https://www.chess.com"]

[Event "Titled Tuesday Blitz May 4 2021"]
[White "Begunov, Konstantin"]
[Black "Rustemov, Alexander"]
[WhiteFideId "4118510"]
[BlackFideId "4119002"]
[WhiteElo "2262"]
[BlackElo "2622"]
[Result "0-1"]
[Round "08"]
[TimeControl "180+1"]
[Date "2021.05.04"]
[WhiteClock "0:00:01"]
[BlackClock "0:00:18"]

1. d4 d5 2. c4 dxc4 3. Nf3 Nf6 4. e3 e6 5. Bxc4 c5 6. Nc3 a6 7. O-O b5 8. Be2 Bb7 9. b3 Nbd7 10. Bb2 Qb8 11. dxc5 Bxc5 12. Nd4 O-O 13. Bf3 Ne5 14. Bxb7 Qxb7 15. Rc1 Rac8 16. Nce2 Rfd8 17. Rc2 Ne4 18. Ng3 Nxg3 19. hxg3 Bxd4 20. Rd2 Nc6 21. Bxd4 Rd5 22. Ba1 Rcd8 23. Rxd5 Rxd5 24. Qc1 Qd7 25. Qc3 f6 26. e4 Rd3 27. Qc5 b4 28. Qb6 a5 29. Qb5 e5 30. Rc1 Rd1+ 31. Rxd1 Qxd1+ 32. Kh2 Qd7 33. f4 Qe6 34. fxe5 fxe5 35. Qd5 Kf7 36. g4 Qxd5 37. exd5 Ne7 38. Bxe5 Nxd5 39. Kg3 Nc3 40. a4 Ne4+ 41. Kf4 Nd2 42. Bc7 Nxb3 43. Ke5 Nd2 44. Bxa5 Nc4+ 45. Kd4 Nxa5 0-1


[Site "https://www.chess.com"]

[Event "Titled Tuesday Blitz May 4 2021"]
[White "Belous, Vladimir"]
[Black "Tang, Andrew"]
[WhiteFideId "4174003"]
[BlackFideId "2059630"]
[WhiteElo "2583"]
[BlackElo "2584"]
[Result "0-1"]
[Round "08"]
[TimeControl "180+1"]
[Date "2021.05.04"]
[WhiteClock "0:00:02"]
[BlackClock "0:00:04"]

1. Nf3 d5 2. g3 Bg4 3. Bg2 Nd7 4. O-O e6 5. c4 c6 6. Qb3 Nc5 7. Qe3 Be7 8. d4 Nd7 9. Ne5 Bh5 10. Qb3 Qb6 11. Nxd7 Qxb3 12. axb3 Kxd7 13. cxd5 cxd5 14. e4 Nf6 15. Nc3 dxe4 16. Nxe4 Nd5 17. Nc3 Nxc3 18. bxc3 Rhb8 19. d5 e5 20. Re1 Bd6 21. c4 f6 22. Be3 b6 23. Rab1 Bg6 24. Rb2 a5 25. Ra2 Bb4 26. Rc1 Kd6 27. Ra4 Bc5 28. Bd2 Be8 29. Raa1 Bb4 30. Bxb4+ axb4 31. Kf1 Kc5 32. Ke2 Ra3 33. Rxa3 bxa3 34. Kd2 Kb4 35. Ra1 Bg6 0-1


[Site "https://www.chess.com"]

[Event "Titled Tuesday Blitz May 4 2021"]
[White "Bendayan Claros, Aaron"]
[Black "Shtyka, Sergey"]
[WhiteFideId "3803392"]
[BlackFideId "4138465"]
[WhiteElo "2166"]
[BlackElo "2102"]
[Result "1/2-1/2"]
[Round "08"]
[TimeControl "180+1"]
[Date "2021.05.04"]
[WhiteClock "0:00:04"]
[BlackClock "0:00:04"]

1. d4 c5 2. e3 e6 3. c3 Nf6 4. Bd3 Be7 5. Nd2 O-O 6. Ngf3 d6 7. O-O Nbd7 8. Qe2 Re8 9. e4 Nf8 10. Re1 Ng6 11. Nf1 e5 12. dxe5 dxe5 13. Bc4 a6 14. a4 Nh5 15. Ne3 Nhf4 16. Qf1 Be6 17. Rd1 Qc8 18. Nd5 Bxd5 19. Bxd5 Nxd5 20. Rxd5 Qc7 21. Be3 Rad8 22. Rad1 Rxd5 23. Rxd5 Rd8 24. Qc4 Rxd5 25. Qxd5 Qd6 26. g3 Qxd5 27. exd5 b5 28. axb5 axb5 29. b3 f5 30. c4 e4 31. Nd2 bxc4 32. bxc4 Kf7 33. f4 exf3 34. Nxf3 h6 35. Kf2 Kf6 36. Bf4 Nf8 37. Be5+ Kf7 38. h4 Nd7 39. Ke3 g6 40. Bc3 g5 41. hxg5 hxg5 42. Kd3 Bf6 43. Ba5 g4 44. Ng1 Be5 45. Ne2 Kf6 46. Bd2 Bd6 47. Bc3+ Be5 48. Bd2 Ke7 49. Bg5+ Kd6 50. Bh6 Nf6 51. Bf8+ Kd7 52. Bxc5 Ne4 53. Bd4 Bxg3 54. c5 Bb8 55. Kc4 Nd2+ 56. Kd3 Nb3 57. Kc4 Na5+ 58. Kb5 Nb3 59. Be3 g3 60. c6+ Kc8 61. Kb6 Bc7+ 62. Kb5 Bd6 63. Kc4 Na1 64. Bf4 Bxf4 65. Nxf4 Nc2 66. d6 Ne3+ 67. Kc5 g2 68. Nxg2 Nxg2 69. Kb6 Ne3 70. d7+ Kd8 71. c7+ Kxd7 72. Kb7 Nd5 73. c8=Q+ Kd6 74. Qxf5 Kc5 75. Qh5 Kd4 76. Kc6 Nb4+ 77. Kd6 Nd3 78. Qh4+ Ke3 79. Kd5 Nf4+ 80. Ke5 Ng6+ 81. Kf6 Nxh4 1/2-1/2


[Site "https://www.chess.com"]

[Event "Titled Tuesday Blitz May 4 2021"]
[White "Bolanos, Fernando"]
[Black "Remolar Gallen, Jose"]
[WhiteFideId "3304094"]
[BlackFideId "2215187"]
[WhiteElo "1998"]
[BlackElo "2203"]
[Result "1-0"]
[Round "08"]
[TimeControl "180+1"]
[Date "2021.05.04"]
[WhiteClock "0:00:09"]
[BlackClock "0:00:04"]

1. e4 c5 2. Nf3 d6 3. d4 cxd4 4. Nxd4 Nf6 5. f3 e5 6. Nb3 d5 7. Bg5 Be6 8. exd5 Qxd5 9. Nc3 Bb4 10. Qxd5 Nxd5 11. Bb5+ Nc6 12. Bd2 Bxc3 13. bxc3 Rc8 14. Na5 O-O 15. Nxb7 Rc7 16. Nc5 Bf5 17. Bd3 Bc8 18. O-O Na5 19. Ne4 Nc4 20. Bc1 h6 21. Rd1 Be6 22. Kf2 f5 23. Nd2 Nxc3 24. Re1 Nxd2 25. Bxd2 e4 26. Bf1 Bd5 27. a4 Rd8 28. Bf4 Rcd7 29. Be5 Na2 30. c4 1-0


[Site "https://www.chess.com"]

[Event "Titled Tuesday Blitz May 4 2021"]
[White "Bongo Akanga Ndjila, Barthelemy"]
[Black "Kiseljova, Marya"]
[WhiteFideId "10609431"]
[BlackFideId "4155009"]
[WhiteElo "1803"]
[BlackElo "1797"]
[Result "0-1"]
[Round "08"]
[TimeControl "180+1"]
[Date "2021.05.04"]
[WhiteClock "0:00:06"]
[BlackClock "0:00:23"]

1. d4 d5 2. Nf3 e6 3. Bg5 Nf6 4. e3 Be7 5. Nbd2 O-O 6. Bd3 c5 7. c3 Nc6 8. a4 b6 9. O-O Bb7 10. Re1 h6 11. Bh4 Ng4 12. Bxe7 Qxe7 13. e4 dxe4 14. Nxe4 cxd4 15. cxd4 Nf6 16. Ng3 Rfd8 17. Rc1 Qd6 18. Bb1 Nxd4 19. Nxd4 Qxd4 20. Qe2 Qd5 21. f3 Qd4+ 22. Kh1 Qxa4 23. Rc7 Ba6 24. Qe5 Rd1 25. Rc1 Rxe1+ 26. Qxe1 Rd8 27. h3 Qf4 28. Ne4 Nxe4 29. Bxe4 Bb5 30. Rd1 Rc8 31. Qb4 Qe5 32. Qe7 f5 33. Bb7 Rc7 34. Qd8+ Kh7 35. Bc8 Ba4 36. Rg1 Bb3 37. Ba6 Rc2 0-1


[Site "https://www.chess.com"]

[Event "Titled Tuesday Blitz May 4 2021"]
[White "Bortnyk, Olexandr"]
[Black "Rojas Alarcon, Julian Antonio"]
[WhiteFideId "14120828"]
[BlackFideId "5107407"]
[WhiteElo "2723"]
[BlackElo "2333"]
[Result "1-0"]
[Round "08"]
[TimeControl "180+1"]
[Date "2021.05.04"]
[WhiteClock "0:01:01"]
[BlackClock "0:00:03"]

1. e4 e5 2. Nf3 Nf6 3. Nxe5 d6 4. Nf3 Nxe4 5. Bd3 Nf6 6. O-O Be7 7. c3 O-O 8. Bc2 Bg4 9. d4 Nbd7 10. Re1 Re8 11. Nbd2 c6 12. Nf1 Bf8 13. Rxe8 Qxe8 14. Ng3 Bxf3 15. Qxf3 Qe1+ 16. Nf1 Re8 17. Rb1 Qe2 18. Qxe2 Rxe2 19. Bd3 Re8 20. Bf4 g6 21. a4 d5 22. f3 h5 23. a5 a6 24. Kf2 Kh7 25. h4 Bh6 26. Bc7 Rc8 27. Bh2 Re8 28. Ra1 Kg8 29. Ra3 Nf8 30. Bd6 Ne6 31. Rb3 Bf4 32. Ba3 Rb8 33. g3 Bc7 34. Be7 Nd7 35. Bb4 c5 36. Ne3 cxb4 37. Nxd5 Bxa5 38. f4 b5 39. f5 Nef8 40. Ne7+ Kg7 41. Nc6 Bc7 42. Nxb8 Bxb8 43. Rxb4 Bd6 44. Rb3 gxf5 45. c4 Nb6 46. c5 Bc7 47. cxb6 Bxb6 48. Bxf5 Bxd4+ 49. Kf3 Kf6 50. Bc8 Be5 51. Bxa6 1-0


[Site "https://www.chess.com"]

[Event "Titled Tuesday Blitz May 4 2021"]
[White "Brahami, Lamine"]
[Black "Garcia Blanco, Omar"]
[WhiteFideId "7905637"]
[BlackFideId "2287153"]
[WhiteElo "1909"]
[BlackElo "2273"]
[Result "0-1"]
[Round "08"]
[TimeControl "180+1"]
[Date "2021.05.04"]
[WhiteClock "0:01:07"]
[BlackClock "0:00:58"]

1. d4 Nf6 2. c4 g6 3. Nc3 d5 4. Bg5 Bg7 5. e3 O-O 6. Nf3 c5 7. cxd5 cxd4 8. Qxd4 Qa5 9. Bc4 Nxd5 10. Qxd5 Bxc3+ 11. bxc3 Qxc3+ 12. Ke2 Be6 13. Qxe6 fxe6 14. Bxe6+ Kg7 15. Rad1 Nc6 16. Rd3 Qb2+ 17. Rd2 Qb5+ 18. Ke1 Rxf3 19. gxf3 Qxg5 20. Rd7 Qa5+ 21. Kf1 Rd8 0-1


[Site "https://www.chess.com"]

[Event "Titled Tuesday Blitz May 4 2021"]
[White "Budrewicz, Krzysztof"]
[Black "Shahade, Gregory"]
[WhiteFideId "1127950"]
[BlackFideId "2009064"]
[WhiteElo "2276"]
[BlackElo "2638"]
[Result "1-0"]
[Round "08"]
[TimeControl "180+1"]
[Date "2021.05.04"]
[WhiteClock "0:00:16"]
[BlackClock "0:00:01"]

1. d4 Nf6 2. c4 g6 3. Nc3 d5 4. Nf3 Bg7 5. h4 c6 6. Bf4 dxc4 7. e4 b5 8. Qc2 O-O 9. Be2 a6 10. h5 Nxh5 11. Rxh5 gxh5 12. O-O-O Bg4 13. e5 f5 14. Ng5 Bxe2 15. Qxe2 Qe8 16. Rh1 Qg6 17. Rxh5 h6 18. Nh3 Qg4 19. Bxh6 Qxe2 20. Nxe2 Bxh6+ 21. Rxh6 Kg7 22. Re6 Ra7 23. Nef4 Rh8 24. Rg6+ Kf8 25. Ng5 Ke8 26. Kd2 Kd7 27. Rg7 Re8 28. Nge6 Kc8 29. Rf7 Nd7 30. Rxf5 Nb6 31. g4 Nd5 32. g5 Nxf4 33. Rxf4 Ra8 34. Ke3 Kd7 35. Nc5+ Kc7 36. Rf7 Kb6 37. g6 Rg8 38. g7 Rae8 39. f4 b4 40. f5 a5 41. Kd2 Rd8 42. Ne6 Rde8 43. Nc5 Rd8 44. Ke3 Kb5 45. Rxe7 a4 46. Rb7+ Ka5 47. f6 c3 48. bxc3 bxc3 49. Rb1 c2 50. Rc1 Kb4 51. Rxc2 Ka3 52. Ke4 Rge8 53. f7 Re7 54. f8=Q Rxf8 55. gxf8=Q Rb7 56. Nxb7+ c5 57. Qxc5# 1-0


[Site "https://www.chess.com"]

[Event "Titled Tuesday Blitz May 4 2021"]
[White "Bugayev, Vladimir"]
[Black "Valdes Romero, Leonardo"]
[WhiteFideId "30901480"]
[BlackFideId "6500331"]
[WhiteElo "2340"]
[BlackElo "2497"]
[Result "0-1"]
[Round "08"]
[TimeControl "180+1"]
[Date "2021.05.04"]
[WhiteClock "0:00:06"]
[BlackClock "0:00:20"]

1. e4 e5 2. Nf3 Nf6 3. Nc3 Bb4 4. Nxe5 O-O 5. Nd3 Bxc3 6. dxc3 Nxe4 7. Nf4 Re8 8. Be3 d6 9. Be2 Nc6 10. O-O h6 11. c4 Bf5 12. Nd5 Qd7 13. f3 Nc5 14. g4 Be6 15. b4 Bxd5 16. Bxc5 dxc5 17. cxd5 Nxb4 18. c4 a5 19. a3 Na6 20. Bd3 Qd6 21. Rb1 b6 22. Be4 Re7 23. Qd3 Rae8 24. Rf2 Nb8 25. Re1 Nd7 26. Rfe2 Nf6 27. Bf5 Kf8 28. Rxe7 Rxe7 29. Rxe7 Qxe7 30. Kf2 Qe5 31. Kg2 g6 32. Be4 Kg7 33. h4 a4 34. Kh3 Qf4 35. Qc2 g5 36. hxg5 hxg5 37. Kg2 Qe5 38. Bf5 Qe3 39. Qxa4 Qe2+ 40. Kg3 Qe5+ 41. Kf2 Nh5 42. Qd7 Nf4 43. Be6 Qe2+ 44. Kg3 Qg2# 0-1


[Site "https://www.chess.com"]

[Event "Titled Tuesday Blitz May 4 2021"]
[White "Buksa, Nataliya"]
[Black "Kazakouski, Valery"]
[WhiteFideId "14123622"]
[BlackFideId "13507443"]
[WhiteElo "2214"]
[BlackElo "2546"]
[Result "1/2-1/2"]
[Round "08"]
[TimeControl "180+1"]
[Date "2021.05.04"]
[WhiteClock "0:00:19"]
[BlackClock "0:00:05"]

1. d4 Nf6 2. Nc3 d5 3. Bf4 c5 4. e3 cxd4 5. exd4 a6 6. Nf3 Bg4 7. Be2 Bxf3 8. Bxf3 Nc6 9. g4 e6 10. g5 Nd7 11. Qd2 Nb6 12. Be2 Na5 13. Nd1 Nac4 14. Bxc4 Nxc4 15. Qe2 Be7 16. h4 Qb6 17. c3 Rc8 18. b3 Nd6 19. Bxd6 Qxd6 20. Qe3 h6 21. f4 hxg5 22. fxg5 f6 23. gxf6 Bxf6 24. Nf2 Rxh4 25. O-O-O Qf4 26. Qxf4 Rxf4 27. Rh8+ Kd7 28. Rxc8 Kxc8 29. Nd3 Re4 30. Rf1 Re2 31. Kb1 b6 32. Nf4 Re3 33. Nh5 Rxc3 34. Nxf6 gxf6 35. Rxf6 Re3 36. Kc2 Re2+ 37. Kd3 Re4 38. Rf7 a5 39. a4 Re1 40. Re7 Re4 41. Rf7 Rh4 42. Re7 Rh3+ 43. Kc2 Rh2+ 44. Kc3 Rh3+ 45. Kc2 Rh6 46. Kc3 Rh3+ 47. Kc2 1/2-1/2


[Site "https://www.chess.com"]

[Event "Titled Tuesday Blitz May 4 2021"]
[White "Buscar, Michael"]
[Black "Iljushina, Olga"]
[WhiteFideId "2603616"]
[BlackFideId "4152280"]
[WhiteElo "2010"]
[BlackElo "1967"]
[Result "1-0"]
[Round "08"]
[TimeControl "180+1"]
[Date "2021.05.04"]
[WhiteClock "0:00:10"]
[BlackClock "0:00:08"]

1. Nf3 c5 2. b3 d6 3. Bb2 e5 4. e3 g6 5. c4 Bg7 6. Be2 Nc6 7. O-O Nge7 8. d3 Bf5 9. a3 O-O 10. Nbd2 e4 11. dxe4 Bxb2 12. exf5 Nxf5 13. Ra2 Bg7 14. Ne4 Re8 15. Ng3 Nxg3 16. hxg3 Qf6 17. Rd2 Rad8 18. Qc2 g5 19. Rfd1 Re6 20. Rd5 h6 21. Nh2 Qb2 22. R5d2 Qxa3 23. Ng4 Nb4 24. Qf5 Qxb3 25. Bf3 b6 26. Be4 Qxc4 27. Qh7+ Kf8 28. Bf5 a5 29. Bxe6 Qxe6 30. e4 Qxg4 31. Rxd6 Rxd6 32. Rxd6 Qc8 33. e5 Qc7 34. Qe4 a4 35. Qa8+ Ke7 36. Qxa4 Bxe5 37. Rd1 Bd4 38. Re1+ Kf6 39. Qb3 Qd6 40. g4 Qd5 41. Qb1 Bc3 42. Re3 Bd4 43. Re1 Kg7 44. Re7 Qd6 45. Re4 Qf6 46. Qe1 Nd3 47. Qe2 Bxf2+ 48. Kh2 c4 49. Rxc4 Qd6+ 50. Kh1 Nf4 51. Qxf2 Qd1+ 52. Qg1 Qd5 53. Rc8 b5 54. Qa1+ f6 55. Rc7+ Kg6 56. Qb1+ f5 57. gxf5+ Qxf5 58. Rg7+ Kxg7 59. Qxf5 Nh5 60. Qxb5 Kg6 61. Qe8+ 1-0


[Site "https://www.chess.com"]

[Event "Titled Tuesday Blitz May 4 2021"]
[White "Callejas Rojas, Francisco Miguel"]
[Black "Belanoff, Ted"]
[WhiteFideId "32072503"]
[BlackFideId "2070588"]
[WhiteElo "2293"]
[BlackElo "2173"]
[Result "1-0"]
[Round "08"]
[TimeControl "180+1"]
[Date "2021.05.04"]
[WhiteClock "0:00:26"]
[BlackClock "0:01:57"]

1. d4 Nf6 2. c4 g6 3. Nc3 d5 4. cxd5 Nxd5 5. e4 Nxc3 6. bxc3 Bg7 7. Bg5 c5 8. Rc1 cxd4 9. cxd4 Nc6 10. d5 Nd4 11. Qd2 O-O 12. Ne2 Nxe2 13. Bxe2 Bd7 14. O-O f6 15. Be3 b6 16. d6 exd6 17. Qxd6 Rc8 18. Rfd1 Rxc1 19. Bxc1 Re8 20. Bc4+ Kh8 21. Qxd7 Qxd7 22. Rxd7 Rc8 23. Bf1 h5 24. Be3 Ra8 25. Ba6 g5 26. f3 h4 27. h3 Rb8 28. Rxa7 b5 29. Bb7 b4 30. Ra8 Rxa8 31. Bxa8 Bf8 32. Bd5 Kg7 33. Kf1 Kg6 34. Ke2 f5 35. Kd2 fxe4 36. Bxe4+ Kf6 37. Bd4+ Ke6 38. Kc2 Bd6 39. Kb3 Kd7 40. Bf6 Bf4 41. Bg7 Ke6 42. Kxb4 Bd2+ 43. Kc5 Kf7 44. Bd4 Bc1 45. a4 Ba3+ 46. Kb5 Ke6 47. a5 Bd6 48. a6 Bb8 49. Kb6 Kd7 50. Kb7 Be5 51. Bxe5 Ke6 52. Bh2 g4 53. hxg4 Kd7 54. g5 Ke6 55. g6 Kf6 56. Be5+ Ke7 57. Bf5 h3 58. Bxh3 Kf8 59. Bh2 Kg8 60. Bg1 Kg7 61. Bf2 Kf6 62. Be3 Kxg6 63. Bd2 Kg7 64. Bc3+ Kg6 65. Kb6 Kg5 66. Kb5 Kf4 67. Kb4 Kg3 68. Kb3 Kh2 69. Kb4 Kh1 70. Kb5 Kh2 71. Kc6 Kh1 72. Kd7 Kh2 73. Ke6 Kh1 74. Ke7 Kh2 75. Kd6 Kh1 76. Kc7 Kh2 77. Kd8 Kh1 78. Ke7 Kh2 79. Ke8 Kh1 80. Kf7 Kh2 81. Kf8 Kh1 82. Kg7 Kh2 83. f4 Kh1 84. f5 Kh2 85. f6 Kh1 86. g4 Kg1 87. g5 Kh2 88. g6 Kg3 89. Bc8 Kh4 90. Bb4 Kg5 91. Bf8 Kh5 92. Kf7 Kg5 93. Bg7 1-0


[Site "https://www.chess.com"]

[Event "Titled Tuesday Blitz May 4 2021"]
[White "Carrasco Miranda, Andres"]
[Black "Ismayil, Malak"]
[WhiteFideId "3405990"]
[BlackFideId "13412604"]
[WhiteElo "2177"]
[BlackElo "1879"]
[Result "1-0"]
[Round "08"]
[TimeControl "180+1"]
[Date "2021.05.04"]
[WhiteClock "0:00:10"]
[BlackClock "0:00:03"]

1. d4 Nf6 2. c4 e6 3. g3 Bb4+ 4. Nd2 O-O 5. Bg2 Nc6 6. Nf3 Ne4 7. O-O Bxd2 8. Bxd2 d6 9. d5 exd5 10. cxd5 Ne7 11. Nd4 Nf6 12. Bg5 Ng6 13. Rc1 Bd7 14. e4 Rc8 15. h3 h6 16. Be3 Re8 17. Qc2 Qe7 18. Rfe1 c6 19. Nf5 Bxf5 20. exf5 Ne5 21. Bxa7 Qc7 22. dxc6 bxc6 23. Bd4 c5 24. Bc3 Ned7 25. Kh2 d5 26. Rcd1 d4 27. Bd2 Ne5 28. Bf4 Nfd7 29. b4 f6 30. bxc5 Qxc5 31. Qxc5 Rxc5 32. Rxd4 Rc2 33. Rd2 Rxd2 34. Bxd2 Ra8 35. f4 Rxa2 36. fxe5 Rxd2 37. e6 Ne5 38. e7 Kf7 39. Kg1 Kxe7 40. Ra1 Rb2 41. Ra7+ Kf8 42. Ra8+ Kf7 43. Ra7+ Kf8 44. Bd5 Rb1+ 45. Kf2 Rb2+ 46. Ke3 Rb5 47. Kd4 Rb8 48. g4 Rd8 49. Kc5 Rc8+ 50. Kd4 Rd8 51. Ke4 Rc8 52. h4 Rc1 53. g5 Re1+ 54. Kd4 hxg5 55. hxg5 Rd1+ 56. Kc5 Rc1+ 57. Kd6 Rc8 58. gxf6 gxf6 59. Ke6 Ng4 60. Rf7+ Kg8 61. Ra7 Re8+ 62. Kd7+ Kf8 63. Ra4 Re7+ 64. Kd6 Ne5 65. Ra8+ Re8 66. Ra7 Rd8+ 67. Ke6 Ng4 68. Rh7 Re8+ 69. Kd6 Rd8+ 70. Kc6 Rc8+ 71. Kd7 Rb8 72. Rh8+ Kg7 73. Rxb8 Ne5+ 74. Ke6 1-0


[Site "https://www.chess.com"]

[Event "Titled Tuesday Blitz May 4 2021"]
[White "Chabris, Christopher"]
[Black "Dovbnia, Nikita"]
[WhiteFideId "2005263"]
[BlackFideId "54104599"]
[WhiteElo "2265"]
[BlackElo "2056"]
[Result "0-1"]
[Round "08"]
[TimeControl "180+1"]
[Date "2021.05.04"]
[WhiteClock "0:00:02"]
[BlackClock "0:00:01"]

1. e4 c5 2. Nf3 d6 3. Bb5+ Bd7 4. Bxd7+ Qxd7 5. O-O Nc6 6. Qe2 Nf6 7. Rd1 e6 8. d4 cxd4 9. Nxd4 Be7 10. c4 O-O 11. Nc3 Rfd8 12. b3 Rac8 13. Bb2 Bf8 14. Rd3 d5 15. cxd5 exd5 16. Nf5 Qe6 17. Rg3 dxe4 18. Nxg7 Bxg7 19. Nxe4 Nxe4 20. Rxg7+ Kf8 21. Rxh7 Rd2 22. Rh8+ Ke7 23. Ba3+ Kd7 24. Rd1 Rxd1+ 25. Qxd1+ Kc7 26. Rh3 Rd8 27. Rd3 Rxd3 28. Qxd3 Qe5 29. g3 Qf5 30. f3 Nxg3 31. Qd6+ Kc8 32. hxg3 Qb1+ 33. Kh2 Qxa2+ 34. Kh3 Qxb3 35. Qf8+ Nd8 36. Be7 Qe6+ 37. g4 Qd7 38. Kh4 Kc7 39. g5 Ne6 40. Qxf7 a5 41. Qf6 a4 42. Qc3+ Kb8 43. Bf6 Qd6 0-1


[Site "https://www.chess.com"]

[Event "Titled Tuesday Blitz May 4 2021"]
[White "Chandratreya, Prachiti"]
[Black "Najdin, Danil"]
[WhiteFideId "46611215"]
[BlackFideId "4172426"]
[WhiteElo "1737"]
[BlackElo "2193"]
[Result "0-1"]
[Round "08"]
[TimeControl "180+1"]
[Date "2021.05.04"]
[WhiteClock "0:00:41"]
[BlackClock "0:00:16"]

1. Nf3 Nf6 2. g3 g6 3. Bg2 Bg7 4. O-O O-O 5. d3 c5 6. c4 Nc6 7. Nc3 b6 8. Bd2 Bb7 9. a3 d5 10. Rb1 d4 11. Na4 Qc7 12. b4 Nd7 13. bxc5 bxc5 14. e3 Rab8 15. exd4 Nxd4 16. Nxd4 Bxg2 17. Kxg2 cxd4 18. Rxb8 Rxb8 19. Kg1 Qc6 20. Bf4 Be5 21. Bxe5 Nxe5 22. f4 Nd7 23. Re1 e6 24. Re4 Nc5 25. Nxc5 Qxc5 26. Kg2 Rb2+ 27. Kg1 Qxa3 28. Re2 Rb3 29. Rd2 a5 30. Qe2 Qc5 31. Kg2 a4 32. Ra2 a3 33. h4 Qc6+ 34. Kh2 Qb7 35. Qe5 Rb2+ 36. Kh3 Rxa2 37. Kg4 Qd7 38. Kg5 Qd8+ 39. Kh6 Qf8+ 40. Kg5 h6+ 41. Kf6 Qg7+ 42. Ke7 f6+ 43. Kxe6 fxe5 44. fxe5 Re2 45. c5 Rxe5+ 46. Kd6 Qe7+ 47. Kc6 Rxc5+ 48. Kb6 Qc7+ 49. Ka6 Ra5# 0-1


[Site "https://www.chess.com"]

[Event "Titled Tuesday Blitz May 4 2021"]
[White "Costachi, Mihnea"]
[Black "Prithu Gupta"]
[WhiteFideId "1217518"]
[BlackFideId "46618546"]
[WhiteElo "2479"]
[BlackElo "1775"]
[Result "0-1"]
[Round "08"]
[TimeControl "180+1"]
[Date "2021.05.04"]
[WhiteClock "0:02:38"]
[BlackClock "0:02:52"]

1. d4 Nf6 2. c4 e6 3. Nf3 Bb4+ 4. Qd2 Bxd2+ 5. Bxd2 O-O 6. Nc3 d5 7. e3 dxc4 8. Bxc4 a6 9. O-O b5 10. Be2 Bb7 11. Rac1 Nbd7 12. Rc2 c5 13. Rfc1 Rc8 14. h3 Bxf3 15. Bxf3 cxd4 16. exd4 Nb6 17. Bg5 Qxd4 18. Rd2 Qe5 19. Bh4 Nc4 20. Re2 Qf4 21. Bg5 Qxg5 0-1


[Site "https://www.chess.com"]

[Event "Titled Tuesday Blitz May 4 2021"]
[White "Crevatin, Leo"]
[Black "Sviridova, Vlada"]
[WhiteFideId "1726307"]
[BlackFideId "24109606"]
[WhiteElo "2081"]
[BlackElo "2101"]
[Result "1/2-1/2"]
[Round "08"]
[TimeControl "180+1"]
[Date "2021.05.04"]
[WhiteClock "0:00:02"]
[BlackClock "0:00:02"]

1. d4 d5 2. c4 c6 3. Nc3 Nf6 4. Nf3 dxc4 5. e4 b5 6. Be2 b4 7. Na4 Nxe4 8. Bxc4 e6 9. O-O Be7 10. Re1 Nf6 11. Ne5 O-O 12. Be3 Nd5 13. Qg4 f6 14. Nf3 e5 15. Qh5 g6 16. Qh6 e4 17. Nd2 f5 18. f4 Kh8 19. Nb3 Ba6 20. Rac1 Bxc4 21. Rxc4 Nxe3 22. Rxe3 Kg8 23. Nac5 Qd5 24. Rxb4 a5 25. Rb7 Rf7 26. a4 Bf8 27. Qg5 Rxb7 28. Nxb7 Nd7 29. h4 Rb8 30. N7xa5 c5 31. h5 cxd4 32. Rg3 Rb6 33. Qd8 d3 34. hxg6 Rxg6 35. Rxg6+ hxg6 36. Qe8 Qf7 37. Qc8 e3 38. Qc4 Qxc4 39. Nxc4 d2 40. Nxe3 Nc5 41. Nxd2 Nxa4 42. b3 Nc3 43. Kf2 Bc5 44. Nc4 Ne4+ 45. Ke2 Kg7 46. Kd3 Kh6 47. Ne5 Ng3 48. Nd5 Bg1 49. b4 Ba7 50. b5 Ne4 51. b6 Bb8 52. Nc6 Nc5+ 53. Kc4 Bd6 54. b7 Nxb7 55. Nce7 Nc5 56. Nc8 Bf8 57. Nf6 Ne4 58. Ng8+ Kg7 59. Nge7 Bxe7 60. Nxe7 Kf6 61. Nd5+ Kf7 62. Kd4 Ng3 63. Ne3 Nh5 64. Ke5 Ng3 65. Kd4 Ne4 66. Ke5 Nf2 67. Kd4 Ne4 68. Ke5 Nf2 1/2-1/2


[Site "https://www.chess.com"]

[Event "Titled Tuesday Blitz May 4 2021"]
[White "Cuevas, Alex"]
[Black "Mohandesi, Shahin"]
[WhiteFideId "114260"]
[BlackFideId "12501247"]
[WhiteElo "2289"]
[BlackElo "1993"]
[Result "0-1"]
[Round "08"]
[TimeControl "180+1"]
[Date "2021.05.04"]
[WhiteClock "0:01:06"]
[BlackClock "0:00:32"]

1. c4 Nf6 2. Nc3 e6 3. e4 d5 4. cxd5 exd5 5. e5 Ne4 6. d4 Bb4 7. Qb3 c5 8. a3 Bxc3+ 9. bxc3 O-O 10. Nf3 Nc6 11. Be3 Qa5 12. dxc5 Nxc5 13. Bxc5 Qxc5 14. Bd3 Bg4 15. Ng5 h6 16. h3 Be6 17. Nf3 d4 18. c4 Nxe5 19. Nxe5 Qxe5+ 20. Kf1 a6 21. Re1 Qc5 22. a4 Rac8 23. Rxe6 fxe6 24. Kg1 Qg5 25. Qd1 b5 26. h4 Qf4 27. Qe2 bxc4 28. Be4 d3 0-1


[Site "https://www.chess.com"]

[Event "Titled Tuesday Blitz May 4 2021"]
[White "Cunjalo, Faris"]
[Black "Oliveira, Silvio Eduardo"]
[WhiteFideId "14410710"]
[BlackFideId "2111560"]
[WhiteElo "2234"]
[BlackElo "2302"]
[Result "1-0"]
[Round "08"]
[TimeControl "180+1"]
[Date "2021.05.04"]
[WhiteClock "0:00:06"]
[BlackClock "0:00:26"]

1. b3 e5 2. Bb2 Nc6 3. e3 Nf6 4. Bb5 Bd6 5. Na3 Na5 6. Be2 Be7 7. c4 d6 8. Nf3 O-O 9. O-O Bg4 10. d3 Nc6 11. Nb5 Re8 12. h3 Bh5 13. a3 e4 14. dxe4 Nxe4 15. Qc2 Bf6 16. Bxf6 Nxf6 17. Rad1 a6 18. Nc3 Bg6 19. Qb2 Qe7 20. Nd5 Nxd5 21. cxd5 Ne5 22. Qd4 Bc2 23. Rd2 Bxb3 24. Rb1 c5 25. dxc6 Nxc6 26. Qxd6 Be6 27. Qxe7 Rxe7 28. Rb6 Rc8 29. Ng5 Bf5 30. Bxa6 h6 31. Rxb7 hxg5 32. Rxe7 Nxe7 33. Bxc8 Nxc8 34. Rd5 Be6 35. Rxg5 Kf8 36. Rb5 Ke7 37. g4 Kd6 38. Kh2 Kc6 39. Rb4 Nb6 40. Kg3 Nd5 41. Rb8 Kc7 42. Rg8 g6 43. Ra8 Nb6 44. Ra7+ Kb8 45. Re7 Nc4 46. a4 Nb6 47. a5 Nd5 48. Re8+ Kb7 49. h4 Nf6 50. Re7+ Ka6 51. f3 Kxa5 52. e4 Kb6 53. Kf4 Kc6 54. Rxe6+ fxe6 55. Ke5 Ne8 56. Kxe6 Nd6 57. h5 gxh5 58. gxh5 1-0


[Site "https://www.chess.com"]